 Dungeon Crawl Stone Soup version 0.28-a0-245-g639a1a48b9 (webtiles) character file.

Game seed: 10984903905157004868

4588 GordonOverkill the Thaumaturge (level 10, -6/45 HPs)
             Began as a Felid Necromancer on Aug 25, 2021.
             Was a High Priest of Vehumet.
             Mangled by a boulder beetle (51 damage)
             ... on level 11 of the Dungeon.
             The game lasted 00:40:29 (21226 turns).

GordonOverkill the Thaumaturge (Felid Necromancer) Turns: 21226, Time: 00:40:30

Health: -6/45      AC:  2    Str:  4    XL:     10   Next: 18%
Magic:  24/24      EV: 17    Int: 20    God:    Vehumet [*****.]
Gold:   520        SH:  0    Dex: 17    Spells: 8/27 levels left
                                        Lives:  0   Deaths: 3

rFire   . . .      SeeInvis +   (weapon unavailable)
rCold   . . .      Faith    .   (shield unavailable)
rNeg    . . .      Spirit   .   (armour unavailable)
rPois   .          Reflect  .   (helmet unavailable)
rElec   .          Harm     .   (cloak unavailable)
rCorr   .          Rampage  .   (gloves unavailable)
Will    +....                   (boots unavailable)
Stlth   ++........              (no amulet)
HPRegen 0.15/turn               m - ring of flight
MPRegen 0.19/turn               (no ring)

@: flying, quick
A: very small, claws 1, fangs 3, see invisible, speed 1, shaggy fur 2, stealthy
paws, no weapons or thrown items, no armour, multi-lived
a: Renounce Religion


You were on level 11 of the Dungeon.
You worshipped Vehumet.
Vehumet was extremely pleased with you.
You visited 1 branch of the dungeon, and saw 12 of its levels.
You also visited: Ossuary.

You collected 520 gold pieces.

Inventory:

Jewellery
 c - a ring of ice
 m - a ring of flight (left paw)
 o - a ring of ice
 q - a ring of fire
Wands
 h - a wand of paralysis (1)
 p - a wand of flame (27)
 u - a wand of digging (5)
Scrolls
 b - 9 scrolls of teleportation
 s - 3 scrolls of magic mapping
 t - a scroll of fog
Potions
 a - a potion of cancellation
 d - 4 potions of curing
 f - 3 potions of berserk rage
 j - a potion of ambrosia
 k - a potion of lignification
 l - 3 potions of brilliance
 n - a potion of resistance
 r - 2 potions of flight
 v - 5 potions of mutation
 w - 3 potions of magic


   Skills:
 - Level 6.0 Fighting
 - Level 2.6 Dodging
 - Level 2.6 Stealth
 + Level 9.0 Spellcasting
 - Level 7.0 Conjurations
 - Level 4.0 Necromancy
 - Level 4.0 Translocations
 + Level 8.4 Transmutations
 - Level 5.0 Fire Magic
 + Level 8.0 Earth Magic
 - Level 5.0 Evocations


You had 8 spell levels left.
You knew the following spells:

 Your Spells              Type           Power      Damage    Failure   Level
a - Pain                  Necr           100%       1d9       1%          1
b - Foxfire               Conj/Fire      100%       2x1d9     1%          1
c - Teleport Other        Tloc           25%        N/A       4%          3
d - Bolt of Magma         Conj/Fire/Erth 17%        4d9       4%          5
e - Sticky Flame          Conj/Fire      33%        2d5       1%          4
f - Fireball              Conj/Fire      16%        3d8       5%          5

Your spell library contained the following spells:

 Spells                   Type           Power      Damage    Failure   Level
 Animate Skeleton         Necr           50%        N/A       1%          1
 Magic Dart               Conj           100%       1d8       1%          1
 Mephitic Cloud           Conj/Pois/Air  18%        N/A       2%          3
 Gell's Gravitas          Tloc           12%        N/A       4%          3
 Spider Form              Tmut/Pois      12%        N/A       4%          3
 Vampiric Draining        Necr           12%        2d7       4%          3
 Summon Small Mammal      Summ           36%        N/A       8%          1
 Call Imp                 Summ           9%         N/A       12%         2
 Ensorcelled Hibernation  Hex/Ice        18%        N/A       12%         2
 Animate Dead             Necr           12%        N/A       14%         4
 Leda's Liquefaction      Hex/Erth       12%        N/A       14%         4
 Passage of Golubria      Tloc           N/A        N/A       14%         4
 Agony                    Necr           25%        N/A       38%         5
 Statue Form              Tmut/Erth      27%        N/A       38%         6
 Summon Lightning Spire   Summ/Air       9%         N/A       58%         4
 Silence                  Hex/Air        4%         N/A       91%         5
 Dispersal                Tloc           12%        N/A       92%         6
 Lehudib's Crystal Spear  Conj/Erth      19%        10d6      99%         8
 Shadow Creatures         Summ           N/A        N/A       100%        6
 Storm Form               Tmut/Air       12%        N/A       100%        7
 Maxwell's Capacitive Co  Air            4%         ∞         100%        8


Dungeon Overview and Level Annotations

Branches:
Dungeon (12/15)            Temple (0/1) D:7            Lair (0/6) D:11
Ossuary (visited)
    Orc: D:9-12

Altars:
Ashenzari
Elyvilon
Gozag
Kikubaaqudgha
Nemelex Xobeh
Sif Muna
Uskayaw
Vehumet
Wu Jian
Xom
Yredelemnul
The Shining One

Shops:
D:6 *

Annotations:
D:7 2 runed translucent doors, fkvnlks's ghost, novice GrEE
D:8 exclusion: cyclops
D:10 2 transporters, UristMcRaven's ghost, journeyman DECj


Innate Abilities, Weirdness & Mutations

You have sharp claws.
You have razor-sharp teeth.
You have supernaturally acute eyesight. (SInv)
You cover ground quickly. (Speed+)
You are covered in thick fur. (AC +2)
Your paws help you pounce on unaware monsters.
You are incapable of wielding weapons or throwing items.
You cannot wear armour.
You gain extra lives every three experience levels.


Message History

You scratch the boulder beetle but do no damage.
The boulder beetle is severely wounded.
The helpless boulder beetle fails to defend itself.
You scratch the boulder beetle.
The boulder beetle is severely wounded.
The helpless boulder beetle fails to defend itself.
You scratch the boulder beetle but do no damage.
The boulder beetle is severely wounded.
The boulder beetle is no longer paralysed.
The boulder beetle bites you.
The boulder beetle curls into a ball and begins rolling!
Items here: ) ? [ †.
You see here a +0 dagger.
There is a stone staircase leading up, spattered with blood here.
You don't have any such object.
Evoke which item? (* to show all) (? for menu, Esc to quit)
You don't have any such object.
Evoke which item? (* to show all) (? for menu, Esc to quit)
Okay, then.
Casting: Sticky Flame (dangerous; 1% risk of failure)
Confirm with . or Enter, or press ? or * to list all spells.
Aiming: Sticky Flame (dangerous; 1% risk of failure)
Press: ? - help, Shift-Dir - straight line, f - boulder beetle
Aim: a boulder beetle (severely wounded, rolling, 100% to hit)
The sticky flame hits the boulder beetle but does no damage.
The boulder beetle is severely wounded.
The boulder beetle is covered in liquid flames!
The boulder beetle burns!
The boulder beetle hits you!!!
Ouch! That really hurt!
You die...
The boulder beetle stops rolling and uncurls.
You are now level 10!
You rejoin the land of the living...
The boulder beetle curls into a ball and begins rolling!
The boulder beetle burns!
The boulder beetle burns!
The boulder beetle burns!
The boulder beetle stops burning.
The boulder beetle hits you!!!
Ouch! That really hurt!
You die...

...x.... #.##....#
........ ####.......#
....BY.. ###.....[....#
....C..###.#(.....<..##
..#.....#..)(..)..°...#
.## #...(......##°)...#
.# #.......(.#.#°....#
.####...(.......B..#.##
...#............@.#####
........................
....##..................
.....#.........#........
........?.....##........
......................##
........................
.....<.................#
#..).#......#####......


You could see a boulder beetle (rolling).

Vanquished Creatures
  A hydra (D:10)
  A centaur warrior (D:8)
  5 death yaks
  2 two-headed ogres
  A cyclops (D:11)
  A manticore (D:11)
  2 gargoyles
  2 centaur zombies
  An unseen horror (D:10)
  2 kobold demonologists (D:11)
  2 trolls
  2 hornets
  A wyvern (D:10)
  A wraith (D:10)
  5 yaks (D:10)
  A basilisk (D:11)
  A steam dragon (D:8)
  An acid dragon (D:9)
  A water moccasin (D:8)
  A hornet zombie (D:5)
  2 black bears
  3 ogres
  3 orc warriors
  A necrophage (D:4)
  3 centaurs
  6 kobold brigands
  A gnoll sergeant (D:8)
  5 bullfrogs
  2 scorpions (D:4)
  6 water moccasin zombies
  A wyvern skeleton (D:7)
  A water moccasin skeleton (D:5)
  9 wights
  5 electric eels (D:9)
  A bullfrog zombie (D:6)
  3 jellies
  An orc priest (D:2)
  2 hounds (D:5)
  A centaur skeleton (D:7)
  Ijyb (D:3)
  3 iguanas
  11 orc wizards
  3 mummies
  2 hound skeletons (D:5)
  A howler monkey zombie (D:9)
  Robin (D:3)
  8 adders
  14 gnolls
  A shadow imp (D:4)
  A white imp (D:7)
  3 ufetubi
  4 adder zombies (Ossuary)
  A worm (D:1)
  2 dart slugs (D:4)
  33 orcs
  6 ball pythons
  6 bats
  4 endoplasms
  A giant cockroach (D:1)
  5 gnoll zombies (Ossuary)
  16 goblins
  9 hobgoblins
  A frilled lizard (D:2)
  10 hobgoblin zombies
  27 kobolds
  4 kobold zombies (Ossuary)
  3 orc zombies
  4 rats
275 creatures vanquished.

Vanquished Creatures (collateral kills)
  2 orc priests (D:6)
  An orc (D:6)
3 creatures vanquished.

Vanquished Creatures (others)
  919 foxfires
  A plant (D:6)
920 creatures vanquished.

Grand Total: 1198 creatures vanquished

Notes
Turn   | Place    | Note
-------+----------+-------------------------------------------
     0 | D:1      | GordonOverkill the Felid Necromancer began the quest for
                  | the Orb.
     0 | D:1      | Reached XP level 1. HP: 7/7 MP: 4/4
    22 | D:1      | Found a faded altar of an unknown god.
    44 | D:1      | Became a worshipper of Vehumet
    44 | D:1      | Reached * piety under Vehumet
    44 | D:1      | Offered knowledge of Foxfire by Vehumet.
    47 | D:1      | Learned a level 1 spell: Foxfire
   630 | D:1      | Reached XP level 2. HP: 9/12 MP: 4/6
  1828 | D:1      | Reached skill level 1 in Fighting
  2303 | D:1      | Found a radiant altar of Vehumet.
  3163 | D:2      | Reached XP level 3. HP: 10/15 MP: 3/7
  3580 | D:2      | Reached skill level 1 in Fire Magic
  3728 | D:2      | Reached skill level 1 in Conjurations
  3925 | D:2      | Reached XP level 4. HP: 19/19 MP: 5/9
  4051 | D:3      | Found a glowing golden altar of the Shining One.
  4606 | D:3      | Reached skill level 3 in Spellcasting
  4904 | D:3      | Noticed Ijyb
  4920 | D:3      | Paralysed by Ijyb for 4 turns
  4924 | D:3      | Killed Ijyb
  4925 | D:3      | Reached XP level 5. HP: 16/22 MP: 0/10
  5060 | D:3      | Found a basalt altar of Yredelemnul.
  5060 | D:3      | Found an ornate altar of the Wu Jian Council.
  5164 | D:3      | Found a broken altar of Ashenzari.
  5164 | D:3      | Found a shimmering altar of Xom.
  5315 | D:3      | Offered knowledge of Searing Ray by Vehumet.
  5317 | D:3      | Reached ** piety under Vehumet
  5451 | D:3      | Noticed Robin
  5457 | D:3      | Killed Robin
  5791 | D:4      | Gained mutation: You are covered in thick fur. (AC +2)
                  | [Felid growth]
  5791 | D:4      | Reached XP level 6. HP: 27/27 MP: 7/12
  5994 | D:4      | Reached skill level 1 in Evocations
  6398 | D:4      | Reached XP level 7. HP: 19/31 MP: 2/13
  6498 | D:4      | Reached skill level 4 in Spellcasting
  7140 | D:4      | Found an opulent altar of Gozag.
  7277 | D:5      | Entered Level 5 of the Dungeon
  7450 | D:5      | Learned a level 3 spell: Teleport Other
  7598 | D:5      | Offered knowledge of Dazzling Flash by Vehumet.
  7963 | D:5      | Reached skill level 1 in Translocations
  8214 | D:5      | Reached XP level 8. HP: 34/36 MP: 11/15
  8275 | D:5      | Reached skill level 1 in Transmutations
  8602 | D:5      | Found an ancient bone altar of Kikubaaqudgha.
  8606 | D:5      | Found a shimmering blue altar of Sif Muna.
  8608 | D:5      | Found a radiant altar of Vehumet.
  8613 | D:5      | Got Sif Muna's Incunabulum of the Entourage
  8943 | D:6      | Reached skill level 1 in Earth Magic
  9112 | D:6      | Reached *** piety under Vehumet
  9733 | D:6      | Offered knowledge of Ignite Poison by Vehumet.
  9862 | D:6      | Found Zaloank's Gadget Gallery.
  9874 | D:6      | Found a hide-covered altar of Uskayaw.
 10134 | D:6      | Reached skill level 5 in Spellcasting
 10899 | D:7      | Noticed a two-headed ogre
 10906 | D:7      | Killed a two-headed ogre
 10907 | D:7      | Reached XP level 9. HP: 39/39 MP: 8/17
 10916 | D:7      | Learned a level 5 spell: Bolt of Magma
 10975 | D:7      | Found a white marble altar of Elyvilon.
 10987 | D:7      | Reached skill level 5 in Fire Magic
 10987 | D:7      | Reached skill level 5 in Evocations
 11128 | D:7      | Found a sand-covered staircase.
 11134 | Ossuary  | Entered an ossuary
 11435 | Ossuary  | Reached **** piety under Vehumet
 11559 | Ossuary  | Offered knowledge of Sticky Flame by Vehumet.
 11566 | Ossuary  | Reached skill level 5 in Conjurations
 11575 | Ossuary  | Learned a level 4 spell: Sticky Flame
 12788 | D:7      | Reached skill level 5 in Transmutations
 12836 | D:7      | Found a sparkling altar of Nemelex Xobeh.
 13266 | D:7      | Found a large runed translucent door.
 13266 | D:7      | Found a large runed translucent door.
 13270 | D:7      | Noticed fkvnlks's ghost (novice GrEE)
 13309 | D:7      | Found a staircase to the Ecumenical Temple.
 13537 | D:8      | Reached skill level 6 in Spellcasting
 13726 | D:8      | Noticed a centaur warrior
 14357 | D:8      | Killed a centaur warrior
 14358 | D:8      | Reached skill level 5 in Earth Magic
 14358 | D:8      | Reached XP level 10. HP: 33/43 MP: 16/20
 15327 | D:8      | Noticed a cyclops
 15682 | D:8      | Reached ***** piety under Vehumet
 16768 | D:9      | Noticed a two-headed ogre
 16771 | D:9      | Demolished by a two-headed ogre
 16772 | D:9      | Reached XP level 9. HP: -20/40 MP: 6/19
 16775 | D:9      | Killed a two-headed ogre
 16775 | D:9      | Offered knowledge of Fireball by Vehumet.
 16776 | D:9      | Reached skill level 5 in Fighting
 16782 | D:9      | Learned a level 5 spell: Fireball
 17607 | D:10     | Entered Level 10 of the Dungeon
 17644 | D:10     | Found a transporter.
 17646 | D:10     | Noticed UristMcRaven's ghost (journeyman DECj)
 17649 | D:10     | Found a transporter.
 17649 | D:10     | Noticed a skeletal warrior
 17693 | D:10     | Reached XP level 10. HP: 41/44 MP: 11/21
 17784 | D:10     | Found the +7 great mace "Firestarter" {inner flame, rF++}
 17937 | D:10     | Reached skill level 7 in Spellcasting
 18458 | D:10     | Noticed a seven-headed hydra
 18535 | D:10     | Killed a seven-headed hydra
 19089 | D:11     | Noticed a death yak
 19089 | D:11     | Noticed a death yak
 19089 | D:11     | Noticed a death yak
 19089 | D:11     | Noticed a death yak
 19089 | D:11     | Noticed a death yak
 19089 | D:11     | Noticed a death yak
 19089 | D:11     | Noticed a manticore
 19089 | D:11     | Noticed a boulder beetle
 19092 | D:11     | Mangled by a hornet
 19093 | D:11     | Reached XP level 9. HP: -8/40 MP: 21/21
 19093 | D:11     | Noticed a cyclops
 19247 | D:12     | Noticed a troll
 19251 | D:12     | Killed a troll
 19306 | D:12     | Noticed a gargoyle
 19311 | D:12     | Killed a gargoyle
 19448 | D:11     | Reached XP level 10. HP: 33/44 MP: 6/22
 19536 | D:11     | Noticed a cyclops
 19536 | D:11     | Noticed a gargoyle
 19558 | D:11     | Found a staircase to the Lair.
 19560 | D:11     | Noticed a death yak
 19568 | D:11     | Noticed a death yak
 19590 | D:11     | Killed a death yak
 19591 | D:11     | Reached skill level 8 in Spellcasting
 19592 | D:11     | Killed a death yak
 19715 | D:11     | Killed a death yak
 19925 | D:11     | Killed a manticore
 19927 | D:11     | Killed a gargoyle
 20543 | D:10     | Killed a death yak
 20544 | D:10     | Reached XP level 11. HP: 18/48 MP: 10/24
 20545 | D:10     | Killed a death yak
 20928 | D:11     | Reached skill level 9 in Spellcasting
 21222 | D:11     | Demolished by a boulder beetle
 21223 | D:11     | Reached XP level 10. HP: -16/45 MP: 0/24
 21226 | D:11     | Mangled by a boulder beetle

Illustrated notes

Levels and vault maps discovered:
D:1:      elethiomel_arrival_quiet, layout_loops_corners,
          ebering_ecumenical_altar_sacrificial
D:2:      layout_basic
D:3:      layout_loops_corners, tso_altar, grunt_temple_overflow_open,
          uniq_robin, uniq_ijyb
D:4:      layout_basic, kennysheep_mini, serial_curves, eino_curves_03,
          eino_curves_01, eino_curves_03
D:5:      layout_layer_cave, grunt_temple_overflow_magic_moments
D:6:      corexii_shantytown, layout_basic, general_overflow_altar,
          nicolae_shop_gadgets
D:7:      layout_rooms, lemuel_doored_altar, nemelex_dance_club_becter,
          minmay_temple_entry_fiery, nicolae_ossuary_entry_giza,
          ebering_ghost_disaster_area, chequers_avenue
D:8:      layout_loops_cross
D:9:      layout_roguey, kennysheep_boxes
D:10:     layout_roguey, gammafunk_ghost_mausoleum
D:11:     layout_cave_pools, dpeg_lair_monsters, hiddenorc1_lemuel
D:12:     layout_gridville, nicolae_trove_entry_crossroad, gammafunk_ghost_hive

Skill      XL: |  1  2  3  4  5  6  7  8  9 10 11 |
---------------+----------------------------------+-----
Fighting       | 1 2 3 4 5 6 |  6.0
Fire Magic     | 1 2 3 4 5 |  5.0
Conjurations   | 1 2 3 4 7 |  7.0
Spellcasting   | 3 4 5 6 8 9 |  9.0
Evocations     | 1 3 4 5 |  5.0
Translocations | 1 4 |  4.0
Transmutations | 3 6 8 |  8.4
Earth Magic    | 2 7 8 |  8.0
Dodging        | |  2.6
Stealth        | |  2.6
Necromancy     | |  4.0

Action                   |  1- 3 |  4- 6 |  7- 9 | 10-12 || total
-------------------------+-------+-------+-------+-------++-------
Melee: Unarmed           |     5 |     7 |    12 |    20 ||    44
       Bite              |       |     1 |     1 |     1 ||     3
 Cast: Foxfire           |    64 |    94 |   318 |    75 ||   551
       Pain              |    23 |    33 |    21 |     2 ||    79
       Bolt of Magma     |       |       |    33 |    51 ||    84
       Fireball          |       |       |    17 |    33 ||    50
       Sticky Flame      |       |       |    17 |    17 ||    34
       Teleport Other    |       |       |     1 |       ||     1
Evoke: Wand              |       |       |    10 |    28 ||    38
  Use: Scroll            |     3 |     3 |    14 |     1 ||    21
       Potion            |       |     3 |     5 |     2 ||    10
 Stab: Sleeping          |     4 |       |     2 |       ||     6
       Paralysed         |       |       |       |    13 ||    13
Armor: Skin              |       |     2 |    13 |     1 ||    16
Dodge: Dodged            |     5 |    10 |    71 |    49 ||   135

Table legend: (Time is in decaauts)
 A = Elapsed time spent in this place.
 B = Non-inter-level travel time spent in this place.
 C = Inter-level travel time spent in this place.
 D = Time resting spent in this place.
 E = Time spent auto-exploring this place.
 F = Levels seen in this place.
 G = Mean time per level.
                   A        B        C        D        E       F      G
               +--------+--------+--------+--------+--------+-----+--------+
         Total |  19444 |  19005 |    439 |   9921 |   6328 |  13 | 1495.7 |
       Dungeon |  18281 |  17842 |    439 |   9008 |   6290 |  12 | 1523.4 |
       Ossuary |   1162 |   1162 |      0 |    913 |     37 |   1 | 1162.0 |
               +--------+--------+--------+--------+--------+-----+--------+

Top non-repeatable levels by time:
    D:10: 2600 daAuts
     D:1: 2383 daAuts
     D:7: 2372 daAuts
     D:6: 1691 daAuts
     D:8: 1618 daAuts
     D:3: 1583 daAuts
     D:4: 1395 daAuts
     D:5: 1395 daAuts
     D:9: 1255 daAuts
 Ossuary: 1162 daAuts
     D:2: 1148 daAuts
    D:11: 526 daAuts
    D:12: 311 daAuts
